 Dungeon Crawl Stone Soup version 0.22.1-1-ga44c0e5 (webtiles) character file.

15674 brandon the Carver (level 12, 0/166 HPs)
             Began as a Minotaur Berserker on Oct 3, 2018.
             Was a High Priest of Trog.
             Slain by a ten-headed hydra (3 damage)
             ... on level 3 of the Lair of Beasts.
             The game lasted 00:37:37 (14421 turns).

brandon the Carver (Minotaur Berserker)            Turns: 14421, Time: 00:37:38

Health: 0/166      AC: 16    Str: 26    XL:     12   Next: 3%
Magic:  13/13      EV: 15    Int:  4    God:    Trog [*****.]
Gold:   627        SH:  0    Dex: 16    Spells: 11/11 levels left

rFire    . . .     SeeInvis .   u - +0 long sword
rCold    . . .     Gourm    .   (no shield)
rNeg     . . .     Faith    +   r - +0 chain mail
rPois    +         Spirit   .   (helmet restricted)
rElec    +         Reflect  .   K - +0 cloak
rCorr    .         Harm     .   i - +2 pair of gloves
MR       .....                  (no boots)
Stlth    ..........             x - amulet of faith
HPRegen  0.37/turn              (no ring)
MPRegen  0.13/turn              o - ring of flight

@: berserking, very quick
A: retaliatory headbutt, horns 2, poison resistance, electricity resistance
a: Berserk, Trog's Hand, Brothers in Arms, Renounce Religion, Evoke Flight


You were on level 3 of the Lair of Beasts.
You worshipped Trog.
Trog was extremely pleased with you.
You were not hungry.

You visited 3 branches of the dungeon, and saw 15 of its levels.

You collected 627 gold pieces.

Inventory:

Hand Weapons
 u - a +0 long sword (weapon)
Missiles
 A - a throwing net (quivered)
Armour
 i - a +2 pair of gloves (worn)
 r - a +0 chain mail (worn)
 J - a +0 shield
 K - a +0 cloak (worn)
Jewellery
 o - a ring of flight (right hand)
 x - an amulet of faith (around neck)
 F - an uncursed amulet of guardian spirit
Wands
 n - a wand of polymorph (14)
 v - a wand of scattershot (3)
 y - a wand of flame (56)
 E - a wand of enslavement (15)
 H - a wand of random effects (18)
 I - a wand of clouds (17)
 M - a wand of acid (2)
Scrolls
 a - a scroll of amnesia {unknown}
 e - 2 scrolls of identify
 f - 8 scrolls of teleportation
 g - a scroll of enchant armour {unknown}
 h - a scroll of fog {unknown}
 j - a scroll of random uselessness {unknown}
 l - 2 scrolls of fear {unknown}
 m - 2 scrolls of enchant weapon {unknown}
 s - 5 scrolls of remove curse
 w - 3 scrolls of blinking {unknown}
 B - 4 scrolls of immolation {unknown}
 C - 3 scrolls of magic mapping
 O - a scroll of silence {unknown}
Potions
 b - 6 potions of curing
 d - a potion of heal wounds
 k - 3 potions of mutation
 p - 4 potions of agility
 q - 3 potions of might
 t - 2 potions of haste
 z - a potion of cancellation {unknown}
 D - a potion of lignification {unknown}
 G - 2 potions of degeneration
 L - a potion of magic {unknown}
Comestibles
 c - 17 rations


   Skills:
 * Level 11.7 Fighting
 * Level 14.0 Long Blades
 + Level 10.3 Armour
 + Level 9.5 Dodging
 + Level 3.8 Evocations


You had 11 spell levels left.
You didn't know any spells.
Your spell library contained the following spells:

 Spells                   Type           Power        Failure   Level  Hunger
 Freeze                   Ice            #...         95%         1    ##.....
 Throw Frost              Conj/Ice       #.....       99%         2    ###....
 Ozocubu's Armour         Chrm/Ice       #.......     100%        3    ####...
 Summon Ice Beast         Ice/Summ       #.......     100%        4    #####..
 Throw Icicle             Conj/Ice       #.......     100%        4    #####..


Dungeon Overview and Level Annotations

Branches:
Dungeon (11/15)            Temple (1/1) D:6            Lair (3/6) D:9
  Swamp: Lair:2-4    Shoals: Lair:2-4     Snake: Lair:2-4    Spider: Lair:2-4
    Orc: D:9-12

Altars:
Ashenzari
Cheibriados
Dithmenos
Elyvilon
Fedhas
Gozag
Hepliaklqana
Kikubaaqudgha
Makhleb
Nemelex Xobeh
Okawaru
Qazlal
Ru
Sif Muna
Trog
Uskayaw
Vehumet
Wu Jian
Xom
Yredelemnul
Zin
The Shining One

Shops:
D:9 %

Annotations:
D:2 1 runed door
D:8 5 runed doors, bmj180's ghost, novice MiFi
D:9 3 runed doors
D:10 Sonja
Lair:2 exclusion: ice statue


Innate Abilities, Weirdness & Mutations

You reflexively headbutt those who attack you in melee.
You have a pair of horns on your head.
Your system is resistant to poisons. (rPois)
You are resistant to electric shocks. (rElec)


Message History

You furiously retaliate!
You headbutt the ten-headed hydra.
The ten-headed hydra closely misses you.
The ten-headed hydra completely misses you.
The ten-headed hydra bites you!
* * * LOW HITPOINT WARNING * * *
The ten-headed hydra misses you.
The ten-headed hydra closely misses you.
The ten-headed hydra bites you!
* * * LOW HITPOINT WARNING * * *
The ten-headed hydra bites you!
* * * LOW HITPOINT WARNING * * *
The ten-headed hydra bites you!
* * * LOW HITPOINT WARNING * * *
The ten-headed hydra bites you but does no damage.
Unknown command.
Unknown command.
A red film seems to cover your vision as you go berserk!
You feel yourself moving faster!
You feel mighty!
You feel a lot more hungry. The bullfrog barely misses you.
The ten-headed hydra bites you.
You die...

#.#..##
..........
.[.......
.#...:# #....#
....# ##...#
#@Fl.##
##D.†l####.
#.l<.......
..........P..#.
#..............
#...$..........
#.........#....
#..............
#.#............


You could see a ten-headed hydra, a komodo dragon, a basilisk, a wyvern and a
bullfrog.

Vanquished Creatures
  A hydra (Lair:3)
  Pikel (D:4)
  An ugly thing (D:11)
  A black mamba (Lair:1)
  3 centaur zombies
  A torpor snail (Lair:1)
  Psyche (D:9)
  3 spiny frogs (Lair:1)
  A komodo dragon (Lair:2)
  2 trolls
  Prince Ribbit (D:9)
  A hornet (D:8)
  6 polar bears (Lair:2)
  Grinder (D:5)
  5 hippogriffs
  A hippogriff (shapeshifter) (D:11)
  Sigmund (D:3)
  8 yaks
  Menkaure (D:4)
  Duvessa (D:6)
  3 porcupines
  3 water moccasins
  5 ice beasts (Lair:2)
  A black bear (D:9)
  5 sky beasts
  A slave (D:4)
  An eye of draining (D:8)
  3 ogres
  4 orc warriors
  A hornet zombie (D:8)
  A necrophage (D:5)
  6 centaurs
  3 crocodiles (Lair:2)
  A big kobold (D:9)
  9 bullfrogs
  A gnoll sergeant (D:5)
  A wyvern skeleton (D:6)
  Dowan (D:6)
  A scorpion (D:4)
  6 killer bees (D:9)
  2 bullfrog zombies
  A crimson imp (D:9)
  A quasit (D:10)
  A hound (D:5)
  5 jellies
  A centaur skeleton (D:4)
  3 orc priests
  A bullfrog skeleton (D:4)
  Terence (D:3)
  Jessica (D:2)
  6 orc wizards
  5 worker ants
  Ijyb (D:4)
  A hound zombie (D:9)
  Robin (D:2)
  4 hound skeletons
  A howler monkey zombie (D:7)
  7 gnolls
  2 worker ant zombies
  9 adders
  A howler monkey skeleton (D:3)
  A shadow imp (D:8)
  A white imp (Lair:2)
  An ooze (D:2)
  An adder zombie (D:5)
  An adder skeleton (D:6)
  2 worms
  A dart slug (D:1)
  7 leopard geckos
  31 orcs
  A ball python (D:5)
  12 giant cockroaches
  7 hobgoblins
  17 jackals
  4 quokkas
  10 bats
  5 frilled lizards
  A giant cockroach zombie (D:5)
  14 goblins
  A jackal skeleton (D:6)
  12 kobolds
  A quokka zombie (D:5)
  10 rats
  A butterfly (Lair:2)
295 creatures vanquished.

Vanquished Creatures (collateral kills)
  A hydra (Lair:2)
  Harold (D:11)
  A porcupine (Lair:3)
  3 centaurs (D:11)
  A bullfrog (Lair:3)
7 creatures vanquished.

Vanquished Creatures (others)
  2 fungi (Lair:1)
  A plant (Lair:1)
3 creatures vanquished.

Grand Total: 305 creatures vanquished

Notes
Turn   | Place    | Note
-------+----------+-------------------------------------------
     0 | D:1      | brandon the Minotaur Berserker began the quest for the Orb.
     0 | D:1      | Reached XP level 1. HP: 19/19 MP: 0/0
   182 | D:1      | Reached XP level 2. HP: 13/27 MP: 1/1
   353 | D:1      | Reached skill level 4 in Long Blades
  1044 | D:2      | Reached XP level 3. HP: 9/33 MP: 2/2
  1294 | D:2      | Reached XP level 4. HP: 39/40 MP: 3/3
  1343 | D:2      | Reached ** piety under Trog
  1665 | D:2      | Found an opulent altar of Gozag.
  1729 | D:2      | Found a runed door.
  1770 | D:2      | Reached skill level 5 in Long Blades
  1862 | D:2      | Noticed Robin
  1871 | D:2      | Killed Robin
  1998 | D:2      | Noticed Jessica
  2001 | D:2      | Killed Jessica
  2001 | D:2      | Reached XP level 5. HP: 47/47 MP: 4/4
  2950 | D:3      | Noticed Sigmund
  2956 | D:3      | Reached *** piety under Trog
  2973 | D:3      | Killed Sigmund
  2973 | D:3      | Reached skill level 5 in Fighting
  2973 | D:3      | Reached skill level 6 in Long Blades
  2973 | D:3      | Reached XP level 6. HP: 42/56 MP: 5/5
  3122 | D:3      | Noticed Terence
  3125 | D:3      | Killed Terence
  3283 | D:3      | Found an ornate altar of the Wu Jian Council.
  3652 | D:4      | Reached XP level 7. HP: 51/61 MP: 6/6
  3696 | D:4      | Noticed Menkaure
  3739 | D:4      | Killed Menkaure
  3739 | D:4      | Reached skill level 7 in Long Blades
  3971 | D:4      | Found a glowing silver altar of Zin.
  4418 | D:4      | Noticed Pikel
  4446 | D:4      | Killed Pikel
  4446 | D:4      | Reached skill level 8 in Long Blades
  4446 | D:4      | Reached skill level 5 in Armour
  4446 | D:4      | Reached skill level 5 in Dodging
  4446 | D:4      | Reached XP level 8. HP: 71/71 MP: 7/7
  4611 | D:4      | Found an ancient bone altar of Kikubaaqudgha.
  4613 | D:4      | Found a blossoming altar of Fedhas.
  4645 | D:4      | Noticed Ijyb
  4652 | D:4      | Killed Ijyb
  4724 | D:5      | Entered Level 5 of the Dungeon
  4975 | D:5      | Noticed Grinder
  4997 | D:5      | Killed Grinder
  4997 | D:5      | Reached skill level 9 in Long Blades
  5049 | D:5      | Reached **** piety under Trog
  5162 | D:5      | Found a stormy altar of Qazlal.
  5684 | D:6      | Reached XP level 9. HP: 25/79 MP: 8/8
  6535 | D:5      | Reached skill level 10 in Long Blades
  6838 | D:6      | Noticed Duvessa
  6851 | D:6      | Killed Duvessa
  6868 | D:6      | Noticed Dowan
  6872 | D:6      | Killed Dowan
  6990 | D:6      | Found a staircase to the Ecumenical Temple.
  7012 | Temple   | Entered the Ecumenical Temple
  7177 | D:6      | Found a white marble altar of Elyvilon.
  8393 | D:8      | Reached skill level 11 in Long Blades
  8436 | D:8      | Noticed bmj180's ghost (novice MiFi)
  8452 | D:8      | Found a runed door.
  8746 | D:8      | Reached ***** piety under Trog
  8819 | D:8      | Gained mutation: You are somewhat resistant to further
                  | mutation. [potion of mutation]
  8819 | D:8      | Gained mutation: You have an increased reservoir of magic.
                  | (+10% MP) [potion of mutation]
  8848 | D:8      | Reached XP level 10. HP: 27/90 MP: 10/10
  9199 | D:8      | Lost mutation: You have an increased reservoir of magic.
                  | (+10% MP) [potion of mutation]
  9199 | D:8      | Lost mutation: You are somewhat resistant to further
                  | mutation. [potion of mutation]
  9199 | D:8      | Gained mutation: Your system is resistant to poisons.
                  | (rPois) [potion of mutation]
  9199 | D:8      | Gained mutation: You are resistant to electric shocks.
                  | (rElec) [potion of mutation]
  9451 | D:8      | Found a runed gate.
  9451 | D:8      | Found a runed gate.
  9451 | D:8      | Found a runed gate.
  9807 | D:8      | Found a runed door.
 10399 | D:9      | Found a deep blue altar of Sif Muna.
 10419 | D:9      | Noticed Psyche
 10425 | D:9      | Killed Psyche
 10550 | D:9      | Reached skill level 12 in Long Blades
 10729 | D:9      | Found a runed gate.
 10729 | D:9      | Found a runed gate.
 10729 | D:9      | Found a runed gate.
 10730 | D:9      | Noticed a green ugly thing
 10730 | D:9      | Noticed a purple ugly thing
 10731 | D:9      | Noticed a cyan ugly thing
 10731 | D:9      | Noticed a purple ugly thing
 10738 | D:9      | Noticed a green ugly thing
 10744 | D:9      | Found a staircase to the Lair.
 10827 | D:9      | Found Dunum's Food Emporium.
 10897 | D:9      | Noticed Prince Ribbit
 10902 | D:9      | Killed Prince Ribbit
 11301 | D:10     | Entered Level 10 of the Dungeon
 11515 | D:10     | Noticed Sonja
 11532 | D:11     | Reached skill level 1 in Evocations
 11546 | D:11     | Reached skill level 10 in Fighting
 11635 | D:11     | Noticed a cyan ugly thing
 11651 | D:11     | Killed a cyan ugly thing
 11651 | D:11     | Reached XP level 11. HP: 99/99 MP: 11/11
 11702 | D:11     | Noticed Harold
 11709 | D:11     | Killed Harold
 12143 | D:11     | Reached skill level 13 in Long Blades
 12334 | Lair:1   | Entered Level 1 of the Lair of Beasts
 13014 | Lair:1   | Noticed a six-headed hydra
 13077 | Lair:2   | Reached skill level 10 in Armour
 14398 | Lair:3   | Noticed a six-headed hydra
 14398 | Lair:3   | Noticed a seven-headed hydra
 14398 | Lair:3   | Noticed a five-headed hydra
 14403 | Lair:2   | Killed a seven-headed hydra
 14414 | Lair:3   | Killed a six-headed hydra
 14414 | Lair:3   | Reached skill level 14 in Long Blades
 14414 | Lair:3   | Reached XP level 12. HP: 69/111 MP: 13/13
 14420 | Lair:3   | HP: 2/111 [ten-headed hydra (10)]
 14421 | Lair:3   | Slain by a ten-headed hydra

Skill      XL: |  1  2  3  4  5  6  7  8  9 10 11 |
---------------+----------------------------------+-----
Long Blades    | 4 5 6 8 9 11 12 14 | 14.0
Fighting       | 4 5 6 7 8 10 11 | 11.7
Armour         | 3 4 5 6 8 9 10 | 10.3
Dodging        | 3 4 5 6 7 8 9 |  9.5
Evocations     | 1 3 |  3.8

Action                   |  1- 3 |  4- 6 |  7- 9 | 10-12 || total
-------------------------+-------+-------+-------+-------++-------
Melee: Falchion          |    47 |   147 |    18 |       ||   212
       Headbutt          |    12 |    29 |    72 |   111 ||   224
       Long sword        |       |       |   269 |   367 ||   636
Invok: Berserk           |     1 |     5 |     8 |    16 ||    30
       Brothers in Arms  |       |       |       |     5 ||     5
  Use: Scroll            |       |       |     6 |     4 ||    10
       Potion            |       |       |     1 |     2 ||     3
  Eat: Chunk             |     1 |     9 |    11 |    28 ||    49
       Ration            |       |     1 |     4 |     2 ||     7
Armor: Animal skin       |     1 |       |       |       ||     1
       Leather armour    |    12 |    20 |       |       ||    32
       Chain mail        |       |    27 |   155 |   225 ||   407
Dodge: Dodged            |    36 |    85 |   140 |   281 ||   542
       Rpst.: Falchion   |     8 |    22 |     1 |       ||    31
       Long sword        |       |       |    39 |    61 ||   100
